 Dungeon Crawl Stone Soup version 0.28.0-47-ge53b351184 (webtiles) character file.

Game seed: 13691057992699901435

9 pkoi the Digger (level 1, 0/14 HPs)
             Began as a Demigod Earth Elementalist on May 7, 2022.
             Slain by a quokka (3 damage)
             ... on level 1 of the Dungeon.
             The game lasted 00:00:50 (554 turns).

pkoi the Digger (Demigod Earth Elementalist)         Turns: 554, Time: 00:00:50

Health: 0/14       AC:  2    Str:  9    XL:     1   Next: 93%
Magic:  5/5        EV: 12    Int: 17    God:
Gold:   9          SH:  0    Dex: 14    Spells: 2/3 levels left

rFire   . . .      SeeInvis .   g - +2 hand axe (flame)
rCold   . . .      Faith    .   (no shield)
rNeg    . . .      Spirit   .   b - +0 robe
rPois   .          Reflect  .   (no helmet)
rElec   .          Harm     .   (no cloak)
rCorr   .          Rampage  .   (no gloves)
Will    .....                   (no boots)
Stlth   ++........              (no amulet)
HPRegen 0.04/turn               (no ring)
MPRegen 0.09/turn               (no ring)

@: no status effects
A: high MP 1, forlorn, divine attributes
a: no special abilities


You were on level 1 of the Dungeon.
You visited 1 branch of the dungeon, and saw 1 of its levels.

You collected 9 gold pieces.

Inventory:

Hand Weapons
 d - a +0 dagger
 e - a +0 dagger
 g - a +2 hand axe of flaming (weapon)
Missiles
 c - 42 stones
Armour
 b - a +0 robe (worn)
Scrolls
 a - a scroll of identify {unknown}
 f - a scroll of fear {unknown}


   Skills:
 - Level 1.7 Dodging
 - Level 1.7 Stealth
 + Level 1.9 Spellcasting
 * Level 1.3 Transmutations
 * Level 2.9 Earth Magic


You had 2 spell levels left.
You knew the following spells:

 Your Spells              Type           Power      Damage    Failure   Level
a - Sandblast             Erth           22%        2d7       6%          1

Your spell library contained the following spells:

 Spells                   Type           Power      Damage    Failure   Level
 Passwall                 Tmut/Erth      7%         N/A       12%         2
 Stone Arrow              Conj/Erth      12%        3d7       32%         3
 Petrify                  Tmut/Erth      9%         N/A       63%         4


Dungeon Overview and Level Annotations

Branches:
Dungeon (1/15)


Innate Abilities, Weirdness & Mutations

You have an increased reservoir of magic. (+10% MP)
You shall have no god before yourself.
Your divine heritage dramatically boosts your attributes as you level up.


Message History

There is an open door here.
The blast of sand misses the goblin.
The blast of sand hits the goblin!
You kill the goblin!
Things that are here:
a +0 club; a +2 hand axe of flaming; a goblin corpse
g - a +2 hand axe of flaming Your +2 hand axe of flaming bursts into flame!
g - a +2 hand axe of flaming (weapon)
You start resting.
Magic restored.
A rat comes into view.
A rat is nearby!
You hit the rat but do no damage. The rat barely misses you.
You hit the rat. You burn the rat.
You kill the rat!
You open the door.
Found a robe.
Found a glowing mace.
You see here a +0 robe.
A quokka and a ball python come into view.
The ball python hisses angrily.
Found a club.
The ball python barely misses you. The ball python grabs you.
The ball python constricts you.
You closely miss the ball python. The ball python bites you.
The ball python constricts you.
You slash the ball python! You burn the ball python.
You kill the ball python!
The quokka bites you.
You barely miss the quokka. The quokka barely misses you.
You closely miss the quokka. The quokka bites you.
* * * LOW HITPOINT WARNING * * *
The quokka bites you but does no damage.
You hit the quokka but do no damage. The quokka misses you.
You hit the quokka but do no damage. The quokka bites you.
* * * LOW HITPOINT WARNING * * *
The quokka bites you.
* * * LOW HITPOINT WARNING * * *
You barely miss the quokka. The quokka bites you.
You die...

###### ### .........
.....# #.. .........
.....# #.######.......)
.....# #......#........
.....####...## #........
.............# +........
.....#####.#####r..)....
.............[..@.......
....######.#############
....## #.# .....# #..
.....# #.. .....# #..
.....# .... .....+ ##
.....#


You could see a quokka.

Vanquished Creatures
  3 ball pythons (D:1)
  4 goblins (D:1)
  A quokka (D:1)
  2 rats (D:1)
10 creatures vanquished.

Notes
Turn   | Place    | Note
-------+----------+-------------------------------------------
     0 | D:1      | pkoi the Demigod Earth Elementalist began the quest for the
                  | Orb.
     0 | D:1      | Reached XP level 1. HP: 14/14 MP: 5/5
     7 | D:1      | Reached skill level 1 in Transmutations
   554 | D:1      | Slain by a quokka

Illustrated notes

Levels and vault maps discovered:
D:1:      grunt_arrival_lava_bath, layout_basic, serial_shops,
          nicolae_lakefront_shop, serial_aquarium, aquarium_bridge_square
          [aquarium_subvault_bridge, aquarium_subvault_bridge,
          aquarium_subvault_wall, aquarium_subvault_window],
          aquarium_window_fake, aquarium_window_fake, aquarium_view_2d,
          aquarium_view_2d, aquarium_balcony_1b, aquarium_pool_2,
          glass_columns_c, st_stairs_10

Skill      XL: |  1 |
---------------+----+-----
Transmutations | 1 |  1.3
Dodging        | |  1.7
Stealth        | |  1.7
Spellcasting   | |  1.9
Earth Magic    | |  2.9

Action                   || total
-------------------------++-------
Melee: Dagger            ||    16
       Hand axe          ||     9
 Cast: Sandblast         ||     8
Armor: Robe              ||     4
Dodge: Dodged            ||    17
